 Dungeon Crawl Stone Soup version 0.28.0-45-g0d030f2227 (webtiles) character file.

Game seed: 18442212757339435659

19969 NinjaNoafa the Magician (level 12, -16/96 HPs)
             Began as a Pale Draconian Air Elementalist on Apr 17, 2022.
             Was an Elder of Ashenzari.
             Demolished by a boulder beetle (42 damage)
             ... on level 13 of the Dungeon.
             The game lasted 01:11:48 (19959 turns).

NinjaNoafa the Magician (DrAE)                     Turns: 19959, Time: 01:11:48

Health: -16/96     AC: 14    Str: 12    XL:     12   Next: 41%
Magic:  23/26      EV: 18    Int: 22    God:    Ashenzari [****..]
Gold:   492        SH:  5    Dex: 11    Spells: 4/31 levels left

rFire   . . .      SeeInvis +   t - staff of cold (curse) {Bglg, Evo}
rCold   + . .      Faith    .   h - +0 buckler "Chained With Me" {Self, Comp} (curse)
rNeg    + . .      Spirit   .   (armour unavailable)
rPois   .          Reflect  .   (helmet restricted)
rElec   .          Harm     .   j - +2 cloak "Irritation of the Sky" {Cun, Elem} (curse)
rCorr   .          Rampage  .   s - +0 pair of gloves "Revealing Loss" {Bglg, Comp} (curse)
Will    .....      Clarity  +   N - +1 pair of boots of Supernal Wisdom {Self, Bglg} (curse)
Stlth   +++.......              (no amulet)
HPRegen 0.26/turn               J - ring "Sibylline Trepidation" {EV+4, Evo, Bglg} (curse)
MPRegen 0.20/turn               p - ring of positive energy

@: short of breath
A: breathe steam, AC +8, unfitting armour, cold-blooded, steam resistance,
clever 1
a: Breathe Steam, Renounce Religion, Shatter the Chains


You were on level 13 of the Dungeon.
You worshipped Ashenzari.
Ashenzari was greatly pleased with you.
You visited 1 branch of the dungeon, and saw 13 of its levels.
You also visited: Ossuary.

You collected 1641 gold pieces.
You spent 1149 gold pieces at shops.

Inventory:

Hand Weapons
 b - a +4 quarterstaff of chaos
 f - a +0 spectral hand axe
Missiles
 a - 357 stones
 d - a throwing net
 l - 6 javelins
 F - 11 poisoned darts
 I - 4 boomerangs
 R - 2 datura-tipped darts
 T - 2 curare-tipped darts
 U - 5 silver boomerangs
Armour
 h - the cursed +0 buckler "Chained With Me" (worn) {Self, Comp}
   (You found it on level 1 of the Dungeon)

   It has a curse which improves the following skills: Introspection: Fighting
   and Spellcasting.
   Companions: Summonings and Necromancy.
 j - the cursed +2 cloak "Irritation of the Sky" (worn) {Cun, Elem}
   (You found it on level 2 of the Dungeon)

   It has a curse which improves the following skills: Cunning: Dodging and
   Stealth.
   Elements:  Fire Magic, Ice Magic, Air Magic and Earth Magic.
 s - the cursed +0 pair of gloves "Revealing Loss" (worn) {Bglg, Comp}
   (You found it on level 5 of the Dungeon)

   It has a curse which improves the following skills: Beguiling: Conjurations,
   Hexes and Translocations.
   Companions: Summonings and Necromancy.
 N - the cursed +1 pair of boots of Supernal Wisdom (worn) {Self, Bglg}
   (You bought it in a shop on level 7 of the Dungeon)

   It has a curse which improves the following skills: Introspection: Fighting
   and Spellcasting.
   Beguiling: Conjurations, Hexes and Translocations.
 W - a +0 cloak of stealth
Magical Staves
 t - a cursed staff of cold (weapon) {Bglg, Evo}
 E - a staff of fire
Jewellery
 m - a ring of protection from fire
 p - a ring of positive energy (right hand)
 r - a ring of poison resistance
 v - a ring of resist corrosion
 G - a ring of fire
 J - the cursed ring "Sibylline Trepidation" (left hand) {EV+4, Evo, Bglg}
   (You found it on level 8 of the Dungeon)

   [ring of evasion]

   EV:        It affects your evasion (+4).
   It has a curse which improves the following skills: Evocations: Evocations.
   Beguiling: Conjurations, Hexes and Translocations.
 Q - a ring of flight
Wands
 n - a wand of polymorph (19)
 q - a wand of mindburst (14)
 w - a wand of digging (13)
 K - a wand of acid (7)
 O - a wand of flame (3)
Scrolls
 c - 3 scrolls of immolation
 e - 3 scrolls of torment
 o - 2 scrolls of teleportation
 u - 2 scrolls of fear
 y - 3 scrolls of identify
 B - a scroll of vulnerability
 D - a scroll of fog
 H - 2 scrolls of silence
 L - a scroll of holy word
 M - a scroll of enchant weapon
 V - a scroll of enchant armour
Potions
 g - a potion of magic
 i - 2 potions of attraction
 k - a potion of lignification
 x - 2 potions of haste
 z - 2 potions of mutation
 A - a potion of brilliance
 C - 2 potions of curing
 P - 2 potions of flight
 S - a potion of berserk rage


   Skills:
 - Level 3.4(6.0) Fighting
 - Level 3.0 Staves
 - Level 6.0(8.0) Dodging
 - Level 3.2(4.9) Stealth
 + Level 6.9 Shields
 - Level 7.3(10.3) Spellcasting
 - Level 6.4(11.1) Conjurations
 - Level 4.6(9.0) Hexes
 + Level 3.1(5.6) Summonings
 + Level 3.9(6.6) Necromancy
 - Level 1.9 Transmutations
 + Level 6.2(8.2) Ice Magic
 + Level 6.9(8.9) Air Magic
 + Level 6.4(8.4) Earth Magic
 - Level 6.9(9.9) Evocations


You had 4 spell levels left.
You knew the following spells:

 Your Spells              Type           Power      Damage    Failure   Level
a - Shock                 Conj/Air       100%       1d9       1%          1
b - Static Discharge      Conj/Air       53%        N/A       1%          2
c - Stone Arrow           Conj/Erth      100%       3d13      1%          3
d - Swiftness             Air            50%        N/A       1%          3
e - Passwall              Tmut/Erth      28%        N/A       1%          2
f - Sandblast             Erth           96%        2d20      1%          1
g - Ozocubu's Armour      Ice            64%        N/A       1%          3
h - Airstrike             Air            25%        N/A       1%          4
i - Searing Ray           Conj           100%       2d8       1%          2
j - Ensorcelled Hibernat  Hex/Ice        100%       N/A       1%          2
k - Fulminant Prism       Conj/Hex       27%        3d14      1%          4

Your spell library contained the following spells:

 Spells                   Type           Power      Damage    Failure   Level
 Magic Dart               Conj           100%       1d8       1%          1
 Anguish                  Hex/Necr       22%        N/A       3%          4
 Summon Lightning Spire   Summ/Air       43%        N/A       3%          4
 Spider Form              Tmut/Pois      15%        N/A       14%         3
 Lightning Bolt           Conj/Air       26%        1d42      3%          5
 Metabolic Englaciation   Hex/Ice        32%        N/A       6%          5
 Simulacrum               Ice/Necr       30%        N/A       47%         6


Dungeon Overview and Level Annotations

Branches:
Dungeon (13/15)            Temple (0/1) D:6            Lair (0/6) D:8
    Orc (0/2) D:10        Ossuary (visited)
 Vaults: D:13-14

Altars:
Ashenzari
Dithmenos
Elyvilon
Makhleb
Nemelex Xobeh
Qazlal
Sif Muna
Trog
Wu Jian
Xom

Shops:
D:7 ?[:

Annotations:
D:2 Jessica
D:8 1 runed translucent door


Innate Abilities, Weirdness & Mutations

You can breathe blasts of scalding, opaque steam.
Your pale cyan-grey scales are hard. (AC +8)
You cannot fit into any form of body armour.
You are cold-blooded and may be slowed by cold attacks.
You are immune to the effects of steam.
Your mind is acute. (Int +2)


Message History

Press: ? - help, Shift-Dir - straight line, f - boulder beetle
Aim: a boulder beetle (100% to hit)
The bolt of acid hits the boulder beetle!!
The acid corrodes the boulder beetle!
The boulder beetle is moderately wounded.
Aiming: Breathe Steam (1% risk of failure)
Press: ? - help, Shift-Dir - straight line, f/p - boulder beetle
Aim: a boulder beetle (moderately wounded, covered in acid, 100% to hit)
You exhale a blast of scalding steam.
The ball of steam hits the boulder beetle but does no damage.
The boulder beetle is moderately wounded.
The boulder beetle is engulfed in a cloud of scalding steam.
The boulder beetle bites you.
Okay, then.
You are too injured to fight recklessly!
You are too injured to fight recklessly!
Unknown command.
Casting: Stone Arrow (safe; 1% risk of failure)
Confirm with . or Enter, or press ? or * to list all spells.
Aiming: Stone Arrow (safe; 1% risk of failure)
Press: ? - help, Shift-Dir - straight line, f/p - boulder beetle
Aim: a boulder beetle (steam, moderately wounded, covered in acid, 100% to hit)
The stone arrow hits the boulder beetle!
The boulder beetle is heavily wounded.
The boulder beetle bites you!!
* * * LOW HITPOINT WARNING * * *
The boulder beetle is engulfed in a cloud of scalding steam.
You block the boulder beetle's attack.
The boulder beetle is engulfed in a cloud of scalding steam.
The boulder beetle curls into a ball and begins rolling!
Casting: Stone Arrow (safe; 1% risk of failure)
Confirm with . or Enter, or press ? or * to list all spells.
Aiming: Sandblast (safe; 1% risk of failure)
Press: ? - help, Shift-Dir - straight line, f/p - boulder beetle
Aim: a boulder beetle (steam, heavily wounded, rolling, covered in acid, 100% to hit)
The blast of sand hits the boulder beetle.
The boulder beetle is severely wounded.
a - 357 stones The boulder beetle hits you!!!
You die...

* * #....##########.....### * #..
+.[....[............... , ,..
*,###.........#####.....##.
,###........#.#####.#...'.....##)
#....#.###.#÷#####.#.###.....##.
,.........................>...##.
,#.....######.#####.#.....######.
,#............#####.#####.### ##.
,#.............B@...# ##.## ##.
#............○###### #.# ##.
##......§.§.°)....## #.# ##.
,..≈.≈.....≈.≈.†.#.## #.# ##.
..≈..............#.## #.# ##.
...≈.≈.≈......<≈.#.#### #.#* ###
≈.≈.≈............#.######..# **##
...≈.≈.≈.....≈...#.........#*#...
≈...≈...≈.≈.≈.≈.≈###.###....,....


You could see a boulder beetle (rolling, corroded).

Vanquished Creatures
  A boulder beetle (D:11)
  3 two-headed ogres
  A tengu warrior (D:10)
  Sonja (D:12)
  Pikel (D:7)
  2 deep elf pyromancers
  3 cyclopes
  A manticore (D:13)
  An elephant (D:8)
  Maurice (D:12)
  A gargoyle (D:11)
  2 komodo dragons
  An efreet (D:13)
  A troll (D:9)
  A tengu conjurer (D:10)
  A hornet (D:8)
  A meliai zombie (D:10)
  8 slime creatures
  A shadow (D:11)
  12 yaks
  5 wraiths
  A water elemental (D:13)
  A basilisk (D:8)
  3 wyverns
  3 steam dragons (D:10)
  4 water moccasins
  Duvessa (D:5)
  7 orc warriors
  An ice beast (D:6)
  3 sky beasts
  3 ogres
  7 centaurs
  2 kobold brigands (D:7)
  3 bullfrogs
  A wyvern zombie (D:8)
  2 gnoll sergeants
  8 scorpions
  6 water moccasin zombies
  A wyvern skeleton (D:4)
  Dowan (D:5)
  A water moccasin skeleton (D:4)
  5 killer bees (D:8)
  3 wights (D:7)
  4 electric eels
  2 jellies
  2 centaur zombies
  2 hounds
  2 gnoll shamans
  3 orc priests
  Crazy Yiuf (D:2)
  Ijyb (D:5)
  Natasha (D:2)
  An iguana (D:5)
  10 orc wizards
  A killer bee zombie (D:6)
  2 mummies (Ossuary)
  19 gnolls
  7 adders
  A howler monkey skeleton (D:7)
  2 white imps
  2 ufetubi (D:6)
  4 adder zombies (Ossuary)
  An adder skeleton (D:4)
  2 dart slugs
  2 worms
  29 orcs
  8 ball pythons
  9 endoplasms
  6 giant cockroaches
  8 goblins
  10 hobgoblins
  10 jackals
  3 quokkas
  3 bats
  4 frilled lizards (D:1)
  5 hobgoblin zombies (Ossuary)
  9 kobolds
  6 kobold zombies (Ossuary)
  7 orc zombies (Ossuary)
  A quokka skeleton (D:4)
  3 rats
  A spectral hobgoblin (D:1)
  3 butterflies (D:8)
313 creatures vanquished.

Vanquished Creatures (collateral kills)
  A yak (D:12)
1 creature vanquished.

Vanquished Creatures (others)
  2 human simulacra (D:10)
  5 fulminant prisms
  7 fungi
  9 plants
  3 toadstools (D:7)
26 creatures vanquished.

Grand Total: 340 creatures vanquished

Notes
Turn   | Place    | Note
-------+----------+-------------------------------------------
     0 | D:1      | NinjaNoafa the Draconian Air Elementalist began the quest
                  | for the Orb.
     0 | D:1      | Reached XP level 1. HP: 14/14 MP: 3/3
   415 | D:1      | Found a faded altar of an unknown god.
   505 | D:1      | Reached XP level 2. HP: 20/20 MP: 3/5
  1408 | D:1      | Reached XP level 3. HP: 22/26 MP: 1/6
  2511 | D:2      | Reached skill level 1 in Shields
  2568 | D:2      | Reached XP level 4. HP: 33/33 MP: 2/7
  2645 | D:2      | Noticed Jessica
  3203 | D:2      | Noticed Natasha
  3215 | D:2      | Killed Natasha
  3362 | D:2      | Found a runed translucent door.
  3362 | D:2      | Noticed Crazy Yiuf
  3628 | D:2      | Killed Crazy Yiuf
  3759 | D:3      | Reached XP level 5. HP: 32/38 MP: 1/9
  3966 | D:3      | Reached skill level 1 in Fighting
  4400 | D:3      | Found a shimmering altar of Xom.
  4862 | D:4      | Reached skill level 3 in Spellcasting
  4862 | D:4      | Reached XP level 6. HP: 45/47 MP: 5/10
  5028 | D:4      | Noticed a sky beast
  5045 | D:4      | Killed a sky beast
  5046 | D:4      | Reached skill level 1 in Earth Magic
  5096 | D:4      | Learned a level 2 spell: Static Discharge
  5422 | D:4      | Your scales start taking on a pale cyan-grey colour.
  5422 | D:4      | Reached XP level 7. HP: 48/55 MP: 8/12
  5422 | D:4      | Gained mutation: You are immune to the effects of steam.
                  | [Pale Draconian growth]
  5537 | D:4      | Noticed a wyvern
  5544 | D:4      | Killed a wyvern
  5570 | D:4      | Reached skill level 1 in Staves
  5570 | D:4      | Reached skill level 5 in Air Magic
  5570 | D:4      | Reached skill level 1 in Evocations
  5748 | D:4      | Learned a level 1 spell: Sandblast
  5752 | D:4      | Learned a level 3 spell: Swiftness
  5904 | D:5      | Entered Level 5 of the Dungeon
  6117 | D:5      | Noticed Ijyb
  6346 | D:5      | Noticed Duvessa
  6351 | D:5      | Killed Duvessa
  6353 | D:5      | Noticed Dowan
  6355 | D:5      | Reached skill level 1 in Ice Magic
  6355 | D:5      | Reached XP level 8. HP: 57/61 MP: 9/13
  6365 | D:5      | Killed Dowan
  6366 | D:5      | Reached skill level 4 in Spellcasting
  6787 | D:5      | Gained mutation: You have a pair of small horns on your
                  | head. [potion of mutation]
  7021 | D:5      | Killed Ijyb
  7231 | D:5      | Found a white marble altar of Elyvilon.
  7316 | D:5      | Found a broken altar of Ashenzari.
  7319 | D:5      | Became a worshipper of Ashenzari the Shackled
  7574 | D:6      | Found a staircase to the Ecumenical Temple.
  7606 | D:6      | Found a sand-covered staircase.
  7653 | Ossuary  | Entered an ossuary
  8076 | Ossuary  | Reached XP level 9. HP: 30/67 MP: 4/15
  8328 | Ossuary  | Lost mutation: You have a pair of small horns on your head.
                  | [potion of mutation]
  8328 | Ossuary  | Gained mutation: Your mind is acute. (Int +2) [potion of
                  | mutation]
  8353 | D:6      | Found a burning altar of Makhleb.
  8547 | D:6      | Found a sparkling altar of Nemelex Xobeh.
  8595 | D:6      | Learned a level 3 spell: Stone Arrow
  9175 | D:6      | Reached skill level 5 in Conjurations
  9324 | D:7      | Reached skill level 5 in Spellcasting
  9533 | D:7      | Found Karacs's Magic Scroll Shop.
  9533 | D:7      | Found Eno Vudgh's Antique Armour Boutique.
  9535 | D:7      | Found Jigg's Book Shop.
  9676 | D:7      | Found a stormy altar of Qazlal.
  9753 | D:7      | Noticed Pikel
  9773 | D:7      | Killed Pikel
  9798 | D:7      | Identified the cursed +2 cloak "Irritation of the Sky"
                  | {Cun, Elem} (You found it on level 2 of the Dungeon)
 10146 | D:7      | Learned a level 2 spell: Passwall
 10167 | D:7      | Reached skill level 5 in Evocations
 10531 | D:7      | Reached skill level 5 in Shields
 11102 | D:7      | Bought a book of Winter for 476 gold pieces
 11106 | D:7      | Learned a level 3 spell: Ozocubu's Armour
 11218 | D:8      | Found an ornate altar of the Wu Jian Council.
 11223 | D:8      | Found a bloodstained altar of Trog.
 11232 | D:8      | Learned a level 1 spell: Magic Dart
 11235 | D:8      | Learned a level 2 spell: Searing Ray
 11237 | D:8      | Found a shadowy altar of Dithmenos.
 11276 | D:8      | Reached * piety under Ashenzari
 11311 | D:8      | Paralysed by a hornet for 1 turns
 11554 | D:8      | Reached XP level 10. HP: 71/71 MP: 12/17
 11567 | D:8      | Reached skill level 1 in Hexes
 11596 | D:8      | Reached skill level 5 in Earth Magic
 12059 | D:8      | Found a staircase to the Lair.
 12159 | D:8      | Noticed an elephant
 12168 | D:8      | Killed an elephant
 12296 | D:8      | Noticed a cyclops
 12303 | D:8      | Killed a cyclops
 12304 | D:8      | Reached skill level 1 in Necromancy
 12304 | D:8      | Reached skill level 1 in Transmutations
 12306 | D:8      | Found a runed translucent door.
 12344 | D:8      | Found a runed translucent door.
 12376 | D:8      | Reached skill level 5 in Ice Magic
 13039 | D:9      | Identified a scroll of acquirement
 13191 | D:7      | Acquired 730 gold pieces
 13193 | D:7      | Bought a book of Storms for 448 gold pieces
 13198 | D:7      | Bought a scroll of enchant armour for 90 gold pieces
 13200 | D:7      | Bought a pair of boots for 135 gold pieces
 13428 | D:9      | Reached skill level 5 in Dodging
 14118 | D:9      | Reached skill level 6 in Spellcasting
 14118 | D:9      | Reached XP level 11. HP: 82/82 MP: 15/20
 14604 | D:9      | Found a shimmering blue altar of Sif Muna.
 14656 | D:9      | Reached ** piety under Ashenzari
 14753 | D:10     | Entered Level 10 of the Dungeon
 16022 | D:10     | Noticed a deep elf pyromancer
 16037 | D:10     | Killed a deep elf pyromancer
 16043 | D:10     | Learned a level 4 spell: Airstrike
 16051 | D:10     | Reached *** piety under Ashenzari
 16195 | D:10     | Noticed a tengu warrior
 16205 | D:10     | Killed a tengu warrior
 16326 | D:10     | Found a staircase to the Orcish Mines.
 16503 | D:10     | Learned a level 2 spell: Ensorcelled Hibernation
 16727 | D:10     | Reached skill level 1 in Summonings
 17228 | D:11     | Noticed a two-headed ogre
 17236 | D:11     | Killed a two-headed ogre
 17405 | D:11     | Noticed a boulder beetle
 17431 | D:11     | Killed a boulder beetle
 17632 | D:11     | Reached skill level 7 in Spellcasting
 18122 | D:11     | Learned a level 4 spell: Fulminant Prism
 18600 | D:12     | Noticed a two-headed ogre
 18601 | D:12     | Noticed a deep elf pyromancer
 18607 | D:12     | Killed a deep elf pyromancer
 18611 | D:12     | Killed a two-headed ogre
 18612 | D:12     | Reached XP level 12. HP: 84/94 MP: 25/25
 19248 | D:12     | Noticed Sonja
 19250 | D:12     | Noticed a two-headed ogre
 19255 | D:12     | Killed a two-headed ogre
 19270 | D:12     | Killed Sonja
 19531 | D:12     | Noticed Maurice
 19537 | D:12     | Killed Maurice
 19545 | D:12     | Reached **** piety under Ashenzari
 19848 | D:13     | Identified the +5 long sword "Oxtor" {protect, rF+++ Will+
                  | Str+2 Dex-4}
 19946 | D:13     | Noticed a boulder beetle
 19959 | D:13     | Demolished by a boulder beetle

Illustrated notes

Levels and vault maps discovered:
D:1:      heliophobic_arrival_ceremonial_halls, layout_loops_corners,
          dreamdust_ecumenical_altar_drowned_temple, palyth_stone_intersect
D:2:      layout_loops_corners, uniq_crazy_yiuf_cottage, uniq_jessica,
          uniq_natasha
D:3:      layout_loops_ring, mainiacjoe_overflow_concentric_impassable
D:4:      cheibrodos_quashed, layout_cave_pools
D:5:      layout_loops_cross, kennysheep_mini_moat,
          nicolae_elyvilon_temple_path, uniq_ijyb, uniq_duvessa
D:6:      layout_basic, mainiacjoe_overflow_six_doors_small,
          mainiacjoe_overflow_24_doors, minmay_temple_entry_glassed_door,
          nicolae_ossuary_entry_ruins
D:7:      layout_loops_cross, mainiacjoe_overflow_alcove_2,
          minmay_gold_behind_fungi, nicolae_wooded_promenade,
          serial_bayou_pond_d, uniq_pikel
D:8:      lemuel_insect_pit, layout_loops_ring, grunt_temple_overflow_diamond,
          david_lair_generic
D:9:      layout_loops_ring, tgw_sif
D:10:     kennysheep_steamy, layout_basic, david_orc_4, bh_circular_ruins
D:11:     layout_roguey
D:12:     layout_cave_pools, uniq_maurice, uniq_sonja
D:13:     layout_basic, minmay_pinched_square

Skill      XL: |  1  2  3  4  5  6  7  8  9 10 11 12 |
---------------+-------------------------------------+-----
Stealth        | 2 3 |  3.2
Dodging        | 2 3 4 5 6 |  6.0
Shields        | 1 2 5 6 |  6.9
Conjurations   | 2 3 4 5 6 |  6.4
Fighting       | 1 2 3 |  3.4
Spellcasting   | 3 4 5 6 7 |  7.3
Air Magic      | 4 5 6 |  6.9
Earth Magic    | 1 2 3 4 5 6 |  6.4
Staves         | 1 3 |  3.0
Evocations     | 1 3 5 6 |  6.9
Ice Magic      | 1 2 4 5 6 |  6.2
Hexes          | 2 4 |  4.6
Necromancy     | 1 3 |  3.9
Transmutations | 1 |  1.9
Summonings     | 2 3 |  3.1

Action                   |  1- 3 |  4- 6 |  7- 9 | 10-12 || total
-------------------------+-------+-------+-------+-------++-------
Melee: Hand axe          |     8 |    17 |       |     1 ||    26
       Unarmed           |     4 |       |       |       ||     4
       Tailslap          |     1 |     7 |    11 |    20 ||    39
       Quarterstaff      |       |    33 |     4 |       ||    37
       Staff             |       |       |    91 |   120 ||   211
       Headbutt          |       |       |     8 |       ||     8
Throw: Dart              |       |       |       |     2 ||     2
 Cast: Shock             |    98 |    99 |    54 |    33 ||   284
       Static Discharge  |       |     4 |    52 |    39 ||    95
       Sandblast         |       |       |    43 |    11 ||    54
       Swiftness         |       |       |     4 |     2 ||     6
       Stone Arrow       |       |       |    32 |   104 ||   136
       Searing Ray       |       |       |     2 |    12 ||    14
       Magic Dart        |       |       |     2 |     6 ||     8
       Ozocubu's Armour  |       |       |       |     3 ||     3
       Airstrike         |       |       |       |    11 ||    11
       Fulminant Prism   |       |       |       |     5 ||     5
       Ensorcelled Hiber |       |       |       |     4 ||     4
       Passwall          |       |       |       |     1 ||     1
Invok: Curse Item        |       |       |     2 |     4 ||     6
 Abil: Breathe Steam     |       |       |    21 |    25 ||    46
Evoke: Wand              |       |       |     3 |     7 ||    10
  Use: Scroll            |       |     9 |     6 |     8 ||    23
       Potion            |       |     3 |    12 |     8 ||    23
 Stab: Sleeping          |       |       |       |     4 ||     4
Armor: Skin              |     7 |    30 |    80 |   113 ||   230
Dodge: Dodged            |    16 |    33 |   119 |   212 ||   380
Block: Buckler           |     2 |     2 |    35 |    66 ||   105
